 Dungeon Crawl Stone Soup version bcrawl-1.21.2-28-g2cb1824106 (webtiles) character file.

Game seed: 4767314752317531945

7783 BeastOfSaturn the Covert (level 11, -3/60 HPs)
             Began as a Jungle Stalker Summoner on Mar 8, 2020.
             Was the Champion of Fedhas.
             Slain by an orc warrior
             ... wielding a +0 mace
              (21 damage)
             ... on level 8 of the Dungeon.
             The game lasted 00:46:57 (8663 turns).

BeastOfSaturn the Covert (Jungle Stalker Summoner)  Turns: 8663, Time: 00:46:57

Health: -3/60      AC:  6    Str: 20    XL:     11   Next: 20%
Magic:  23/24      EV: 16    Int: 17    God:    Fedhas [******]
Gold:   392        SH: 10    Dex: 21    Spells: 3/14 levels left

rFire    + . .     SeeInvis .   k - +2 dagger (venom)
rCold    + . .     Gourm    .   h - +0 buckler
rNeg     + . .     Faith    .   a - +1 leather armour of Purpose {rPois MP+9 Dex+4}
rPois    +         Spirit   .   o - +1 helmet
rElec    .         Reflect  +   (no cloak)
rCorr    .         Harm     .   (no gloves)
MR       +....                  (no boots)
Stlth    ++++++....             i - +4 amulet of reflection
HPRegen  0.60/turn              K - ring of Yruedgh {rF+ Str+8}
MPRegen  0.19/turn              M - ring "Guqoel" {rC+ rN+ Dex+2 Slay+5 Stlth+}

@: no status effects
A: fangs 3, poison resistance, regeneration 1, acidic bite, no potion heal 3,
rot immunity, strong jaws
a: Fungal Bloom, Sunlight, Evolution, Growth, Reproduction, Rain, Renounce
Religion


You were on level 8 of the Dungeon.
You worshipped Fedhas.
Fedhas was exalted by your worship.
You were not hungry.

You visited 2 branches of the dungeon, and saw 10 of its levels.

You collected 617 gold pieces.
You spent 225 gold pieces at shops.

Inventory:

Hand Weapons
 c - a +4 dagger
 k - a +2 dagger of venom (weapon)
 H - the +3 quarterstaff of the Ninety-Nine Demons {crush, Dex+4, unknown}
   (You found it on level 6 of the Dungeon)

   It inflicts extra damage upon your enemies.
   It affects your dexterity (+4).
Armour
 a - the +1 leather armour of Purpose (worn) {rPois MP+9 Dex+4}
   (You took it off a goblin on level 4 of the Dungeon)

   It affects your dexterity (+4).
   It protects you from poison.
   It affects your magic capacity (+9).
 h - a +0 buckler (worn)
 j - a cursed +0 scale mail
 o - a +1 helmet (worn)
 E - a +2 ring mail of fire resistance
Jewellery
 i - a +4 amulet of reflection (around neck)
 r - the ring of Jaem {Fire MP+9 Str+6}
   (You took it off an ogre mage on level 7 of the Dungeon)

   [ring of fire]

   It enhances your fire magic.
   It affects your strength (+6).
   It protects you from fire.
   It makes you vulnerable to cold.
   It affects your magic capacity (+9).
 s - an uncursed ring of magical power
 A - an uncursed amulet of faith {unknown}
 D - a +5 ring of intelligence
 G - an uncursed amulet of the acrobat {unknown}
 K - the ring of Yruedgh (left hand) {rF+ Str+8}
   (You took it off a centaur on level 7 of the Dungeon)

   [ring of protection from fire]

   It affects your strength (+8).
   It protects you from fire.
 M - the ring "Guqoel" (right hand) {rC+ rN+ Dex+2 Slay+5 Stlth+}
   (You took it off a tengu warrior on level 7 of the Dungeon)

   [ring of positive energy]

   It affects your dexterity (+2).
   It affects your accuracy and damage with ranged weapons and melee attacks
   (+5).
   It protects you from cold.
   It protects you from negative energy.
   It makes you more stealthy.
Wands
 C - a wand of digging (8)
 F - a wand of polymorph (10)
Scrolls
 g - a scroll of enchant armour
 p - 2 scrolls of fog
 t - 3 scrolls of remove curse
 u - a scroll of blinking
 w - 2 scrolls of amnesia
 y - 2 scrolls of magic mapping
 I - 2 scrolls of identify
 J - 2 scrolls of teleportation
Potions
 b - 3 potions of agility
 d - 2 potions of flight
 f - a potion of invisibility {unknown}
 l - 3 potions of cancellation
 m - 2 potions of haste {unknown}
 n - a potion of degeneration {unknown}
 q - 3 potions of mutation
 v - 5 potions of lignification
 x - 2 potions of magic {unknown}
 z - 2 potions of curing {unknown}
 B - a potion of brilliance {unknown}
 L - a potion of ambrosia {unknown}
Comestibles
 e - 8 rations {!d}


   Skills:
 - Level 3.0 Fighting
 * Level 8.5 Short Blades
 - Level 1.0 Armour
 + Level 5.5 Dodging
 * Level 10.7 Stealth
 - Level 4.0 Shields
 - Level 0.3 Unarmed Combat
 - Level 2.1 Spellcasting
 * Level 10.0 Summonings
 - Level 1.0 Ice Magic


You had 3 spell levels left.
You knew the following spells:

 Your Spells              Type           Power        Failure   Level  Hunger
a - Summon Ice Beast      Ice/Summ       ###.....     22%         4    #####..
b - Call Imp              Summ           #####.       1%          2    ###....
c - Summon Lightning Spi  Summ/Air       ###.....     63%         5    ######.

Your spell library contained the following spells:

 Spells                   Type           Power        Failure   Level  Hunger
 Summon Small Mammal      Summ           ####         1%          1    #......
 Call Canine Familiar     Summ           #####...     1%          3    ###....
 Throw Frost              Conj/Ice       #.....       12%         2    ###....
 Freeze                   Ice            #.....       16%         1    #......
 Ozocubu's Armour         Chrm/Ice       #.......     50%         3    ###....
 Throw Icicle             Conj/Ice       #.......     88%         4    #####..


Dungeon Overview and Level Annotations

Branches:
Dungeon (9/12)             Temple (1/1) D:4
   Lair: D:7-9          Orc: D:8-11

Altars:
Ashenzari
Cheibriados
Dithmenos
Elyvilon
Fedhas
Gozag
Hepliaklqana
Kikubaaqudgha
Lugonu
Makhleb
Nemelex Xobeh
Okawaru
Qazlal
Ru
Sif Muna
Uskayaw
Vehumet
Xom
Yredelemnul
Zin
The Shining One

Shops:
D:7 *

Annotations:
D:2 1 runed door
D:6 1 runed translucent door, yrara's ghost, novice DsFi


Innate Abilities, Weirdness & Mutations

You have razor-sharp teeth.
Your system is resistant to poisons. (rPois)
Your natural rate of healing is unusually fast.
You have acidic saliva.
Potions cannot restore your health.
You are immune to rotting.
Your bites deal extra damage.


Message History

The death yak is severely wounded.
You hit the death yak.
The death yak looks more poisoned.
The death yak is almost dead.
The death yak gores you!!
* * * LOW HITPOINT WARNING * * *
You kill the death yak!
Fedhas is impressed by your dedication.
Your Summonings skill increases to level 10!
Cast which spell? (? or * to list)
A chill wind blows around you.
Your ice beast hits the orc warrior but does no damage.
The orc warrior hits you with a +0 mace!
* * * LOW HITPOINT WARNING * * *
Your ice beast barely misses the orc warrior.
You hit the orc warrior.
The orc warrior is poisoned.
The orc warrior is lightly wounded.
Your ice beast barely misses the orc warrior.
The orc warrior hits you with a +0 mace!!
You die...
Fedhas appreciates your contribution to the ecosystem.

######## ### ### #....... ..# #.#
#.#####. #.## #.###### #.### #.
#..# #).....# #...# #.
##.##############.####.#####.# #.
#..#.............# #.......# #.
##.#[######################## #.
###...# #......@oY.....# #.
......####.############.# #.
.......(.........>†...#.########.
#####.###########.#...#...^......
#..# #.#...#..######## ##.#
#.##..#..#### #.## #...........#
#..#########.####.####.#
##.#.................#.#


You could see an orc warrior and a friendly ice beast.

Vanquished Creatures
  An ogre mage (D:7)
  A tengu warrior (D:7)
  2 death yaks (D:8)
  A cyclops (D:7)
  Prince Ribbit (D:6)
  2 hippogriffs (D:7)
  A yak (D:8)
  A wyvern (D:6)
  A hungry ghost (D:7)
  A crocodile (D:4)
  A phantom (D:6)
  An orc warrior (D:5)
  A sky beast (D:6)
  A black bear (D:4)
  An ice beast (D:8)
  2 ogres (D:7)
  4 centaurs
  7 bullfrogs
  3 big kobolds
  A gnoll sergeant (D:5)
  4 scorpions
  5 killer bees (D:8)
  A wight (D:5)
  4 crimson imps
  4 hounds
  An orc priest (D:7)
  A jelly (D:8)
  A bullfrog skeleton (D:5)
  8 orc wizards
  3 iguanas
  2 worker ants
  A hound zombie (D:5)
  2 hound skeletons
  Robin (D:2)
  11 gnolls
  9 adders
  2 shadow imps (D:7)
  An adder zombie (D:8)
  A worm (D:4)
  2 adder skeletons
  2 leopard geckos
  11 orcs
  A giant cockroach (D:2)
  35 goblins
  18 hobgoblins
  9 jackals
  7 quokkas
  4 bats
  2 frilled lizards
  A jackal skeleton (D:7)
  13 kobolds
  A quokka skeleton (D:4)
  7 rats
209 creatures vanquished.

Vanquished Creatures (collateral kills)
  A centaur warrior (D:7)
  2 hippogriffs (D:7)
  3 yaks (D:8)
  An orc warrior (D:7)
  A centaur (D:7)
  A crimson imp (D:6)
  2 orc wizards (D:4)
  A centaur skeleton (D:5)
  A hound skeleton (D:5)
  6 gnolls
  An ooze (D:2)
  An adder skeleton (D:7)
  A worm (D:2)
  A dart slug (D:2)
  A leopard gecko (D:1)
  5 orcs
  A bat (D:2)
  6 goblins
  7 hobgoblins
  3 jackals (D:6)
  5 kobolds
  A quokka (D:2)
  A ball python (D:2)
  2 frilled lizards
  2 rats (D:1)
57 creatures vanquished.

Vanquished Creatures (others)
  3 goblins
3 creatures vanquished.

Grand Total: 269 creatures vanquished

Notes
Turn   | Place    | Note
-------+----------+-------------------------------------------
     0 | D:1      | BeastOfSaturn the Vine Stalker Summoner began the quest for
                  | the Orb.
     0 | D:1      | Reached XP level 1. HP: 10/10 MP: 4/4
   118 | D:1      | Reached XP level 2. HP: 10/15 MP: 6/6
   496 | D:2      | Learned a level 2 spell: Call Imp
   596 | D:2      | Found a sacrificial altar of Ru.
   642 | D:2      | Reached skill level 1 in Fighting
   642 | D:2      | Reached XP level 3. HP: 7/20 MP: 0/7
   873 | D:2      | Found a shattered altar of Ashenzari.
   884 | D:2      | Found a blossoming altar of Fedhas.
   924 | D:2      | Became a worshipper of Fedhas Madash
   956 | D:2      | Found a stormy altar of Qazlal.
   959 | D:2      | Reached XP level 4. HP: 25/25 MP: 8/8
   974 | D:2      | Noticed Robin
  1019 | D:2      | Killed Robin
  1131 | D:2      | Found a runed door.
  1179 | D:2      | Reached skill level 1 in Shields
  1191 | D:2      | Reached skill level 1 in Short Blades
  1191 | D:2      | Reached XP level 5. HP: 28/29 MP: 4/9
  1302 | D:2      | Learned a level 5 spell: Summon Lightning Spire
  1358 | D:2      | Found a basalt altar of Yredelemnul.
  1536 | D:3      | Found a glowing golden altar of the Shining One.
  2105 | D:3      | Reached skill level 5 in Summonings
  2317 | D:4      | Noticed a centaur
  2332 | D:4      | Killed a centaur
  2332 | D:4      | Reached * piety under Fedhas
  2332 | D:4      | Gained mutation: You have razor-sharp teeth. [Vine Stalker
                  | growth]
  2332 | D:4      | Reached XP level 6. HP: 13/35 MP: 10/10
  2625 | D:4      | Noticed a black bear
  2646 | D:4      | Killed a black bear
  2646 | D:4      | Reached XP level 7. HP: 40/40 MP: 11/11
  2815 | D:4      | Reached ** piety under Fedhas
  2815 | D:4      | Reached skill level 1 in Armour
  3205 | D:4      | Found a staircase to the Ecumenical Temple.
  3211 | Temple   | Entered the Ecumenical Temple
  3462 | D:4      | Identified the +1 leather armour of Purpose {rPois MP+9
                  | Dex+4}
  3705 | D:4      | Reached skill level 5 in Stealth
  4149 | D:5      | Entered Level 5 of the Dungeon
  4289 | D:5      | Gained mutation: You have acidic saliva. [Jungle Stalker
                  | growth]
  4289 | D:5      | Gained mutation: Your system is resistant to poisons.
                  | (rPois) [Jungle Stalker growth]
  4289 | D:5      | Reached XP level 8. HP: 38/45 MP: 12/12
  5133 | D:6      | Noticed Prince Ribbit
  5347 | D:6      | Killed Prince Ribbit
  5347 | D:6      | Reached *** piety under Fedhas
  5498 | D:6      | Noticed a wyvern
  5501 | D:6      | Killed a wyvern
  5780 | D:6      | Reached XP level 9. HP: 50/50 MP: 13/13
  5830 | D:6      | Got a steaming quarterstaff
  5915 | D:6      | Reached skill level 5 in Short Blades
  5923 | D:6      | Found a runed translucent door.
  5935 | D:6      | Noticed yrara's ghost (novice DsFi)
  6298 | D:7      | Found a shimmering blue altar of Sif Muna.
  6524 | D:7      | Found Kyinor's Assorted Antiques.
  6527 | D:7      | Bought a scroll of identify for 50 gold pieces
  6527 | D:7      | Bought a scroll labeled AGEFRAKHLAU for 25 gold pieces
  6527 | D:7      | Bought a scroll labeled IFUQEA SIDUERCH for 25 gold pieces
  6527 | D:7      | Bought a scroll of identify for 50 gold pieces
  6527 | D:7      | Bought a scroll of identify for 50 gold pieces
  6527 | D:7      | Bought a scroll labeled NUOWOBBAEHAE for 25 gold pieces
  6728 | D:6      | Learned a level 4 spell: Summon Ice Beast
  6774 | D:7      | Identified the ring of Jaem {Fire MP+9 Str+6}
  6774 | D:7      | Noticed an ogre mage
  6774 | D:7      | Reached **** piety under Fedhas
  6786 | D:7      | Killed an ogre mage
  6820 | D:7      | Reached XP level 10. HP: 24/56 MP: 14/14
  6894 | D:7      | Reached ***** piety under Fedhas
  6941 | D:7      | Found a shadowy altar of Dithmenos.
  7032 | D:7      | Found a white marble altar of Elyvilon.
  7033 | D:7      | Found a sparkling altar of Nemelex Xobeh.
  7067 | D:7      | Identified the ring "Guqoel" {rC+ rN+ Dex+2 Slay+5 Stlth+}
  7067 | D:7      | Noticed a tengu warrior
  7480 | D:8      | Reached skill level 1 in Ice Magic
  8108 | D:7      | Identified the ring "Exa Kau" {*Drain +Fly rCorr Str+6
                  | Int+3}
  8108 | D:7      | Noticed a centaur warrior
  8119 | D:7      | Killed a centaur warrior
  8179 | D:7      | Reached skill level 5 in Dodging
  8199 | D:7      | Reached skill level 10 in Stealth
  8207 | D:7      | Noticed a cyclops
  8220 | D:7      | Identified the ring of Yruedgh {rF+ Str+8}
  8226 | D:7      | Killed a cyclops
  8384 | D:7      | Killed a tengu warrior
  8384 | D:7      | Reached ****** piety under Fedhas
  8502 | D:9      | Reached XP level 11. HP: 60/60 MP: 15/15
  8530 | D:9      | Noticed a death yak
  8531 | D:9      | Noticed a death yak
  8532 | D:9      | Noticed a death yak
  8534 | D:9      | Noticed a death yak
  8548 | D:9      | Noticed a death yak
  8562 | D:8      | Killed a death yak
  8634 | D:9      | Noticed a death yak
  8646 | D:8      | Killed a death yak
  8646 | D:8      | Reached skill level 10 in Summonings
  8663 | D:8      | Slain by an orc warrior

Skill      XL: |  1  2  3  4  5  6  7  8  9 10 11 |
---------------+----------------------------------+-----
Fighting       | 1 2 3 |  3.0
Shields        | 1 2 3 4 |  4.0
Short Blades   | 1 2 3 4 6 8 |  8.5
Summonings     | 5 6 7 9 10 | 10.0
Stealth        | 4 5 6 8 10 | 10.7
Armour         | 1 |  1.0
Dodging        | 3 4 5 |  5.5
Ice Magic      | 1 |  1.0
Unarmed Combat | |  0.3
Spellcasting   | |  2.1

Action                   |  1- 3 |  4- 6 |  7- 9 | 10-12 || total
-------------------------+-------+-------+-------+-------++-------
Melee: Unarmed           |   155 |       |       |       ||   155
       Bite              |    11 |    20 |    57 |    45 ||   133
       Dagger            |     1 |   171 |   529 |   167 ||   868
       Short sword       |       |    24 |       |       ||    24
 Cast: Summon Small Mamm |     6 |       |       |       ||     6
       Call Imp          |     9 |    17 |    63 |     5 ||    94
       Summon Ice Beast  |       |       |     3 |    17 ||    20
  Use: Scroll            |       |     2 |    16 |       ||    18
 Stab: Sleeping          |     3 |     3 |     8 |     4 ||    18
       Distracted        |     2 |     3 |     4 |     1 ||    10
       Paralysed         |     2 |       |       |       ||     2
  Eat: Chunk             |     1 |     4 |     8 |     4 ||    17
       Ration            |       |     1 |     3 |     3 ||     7
Armor: Robe              |    34 |     8 |       |       ||    42
       Leather armour    |       |    19 |    77 |    15 ||   111
Dodge: Dodged            |   101 |    88 |   214 |    63 ||   466
Block: Buckler           |    16 |    86 |   220 |    60 ||   382
       Reflection        |       |    10 |    10 |     2 ||    22
